 Dungeon Crawl Stone Soup version 0.24-a0-292-g5c6fb1c (webtiles) character file.

Game seed: 18192224865803973717

310 Mgcat the Cutter (level 6, -1/38 HPs)
             Began as a Kobold Gladiator on May 10, 2019.
             Slain by Grinder (9 damage)
             ... while paralysed by Grinder
             ... on level 3 of the Dungeon.
             The game lasted 00:09:29 (4906 turns).

Mgcat the Cutter (Kobold Gladiator)                 Turns: 4906, Time: 00:09:30

Health: -1/38      AC:  4    Str: 13    XL:     6   Next: 69%
Magic:  8/8        EV:  3    Int:  9    God:
Gold:   156        SH:  0    Dex: 17    Spells: 5/5 levels left

rFire    . . .     SeeInvis .   a - +0 rapier
rCold    . . .     Gourm    .   (shield restricted)
rNeg     + . .     Faith    .   b - +0 leather armour
rPois    .         Spirit   .   c - +0 helmet
rElec    .         Reflect  .   u - scarf {cloud immunity}
rCorr    .         Harm     .   (no gloves)
MR       .....                  (no boots)
Stlth    +++.......             (no amulet)
HPRegen  0.12/turn              s - ring of positive energy {rN+}
MPRegen  0.11/turn              q - +2 ring of evasion

@: paralysed
A: small, carnivore
a: no special abilities


You were on level 3 of the Dungeon.
You were completely stuffed.

You visited 1 branch of the dungeon, and saw 4 of its levels.

You collected 156 gold pieces.

Inventory:

Hand Weapons
 a - a +0 rapier (weapon)
Missiles
 d - 3 throwing nets {=f, !d}
Armour
 b - a +0 leather armour (worn)
 c - a +0 helmet (worn)
 u - a scarf of cloud immunity (worn)
   (You found it on level 2 of the Dungeon)
Jewellery
 p - an uncursed ring of resist corrosion
   (You found it on level 1 of the Dungeon)
 q - a +2 ring of evasion (right hand)
   (You found it on level 1 of the Dungeon)
 s - a ring of positive energy (left hand) {rN+}
   (You found it on level 3 of the Dungeon)
 t - an uncursed ring of see invisible {sInv, !d}
   (You found it on level 2 of the Dungeon)
Wands
 h - a wand of random effects (29)
   (You found it on level 2 of the Dungeon)
 k - a wand of polymorph (12)
   (You found it on level 4 of the Dungeon)
Scrolls
 e - a scroll of random uselessness {unknown}
 g - 2 scrolls of amnesia
 i - 5 scrolls of identify
 j - 2 scrolls of teleportation {unknown}
 l - a scroll of immolation {!r}
 n - a scroll of magic mapping {unknown}
 r - 4 scrolls of remove curse
Potions
 m - a potion of lignification {!q}
 o - a potion of cancellation
Comestibles
 f - 7 rations
 v - 3 chunks of flesh {@w0}


   Skills:
 + Level 3.9 Fighting
 + Level 5.5 Short Blades
 - Level 2.1 Throwing
 - Level 3.6 Dodging
 - Level 5.2 Stealth
 + Level 2.9 Evocations


You had 5 spell levels left.
You didn't know any spells.
Your spell library contained the following spells:

 Spells                   Type           Power        Failure   Level  Hunger
 Animate Skeleton         Necr           N/A          45%         1    ##.....
 Apportation              Tloc           #.....       45%         1    ##.....
 Confusing Touch          Hex            #.....       45%         1    ##.....
 Summon Small Mammal      Summ           #...         45%         1    ##.....


Dungeon Overview and Level Annotations

Branches:
Dungeon (4/15)
 Temple: D:4-7

Altars:
Qazlal
Vehumet
Xom

Annotations:
D:3 3 runed translucent doors, Grinder; MisterFreud's ghost, amateur OpFi; Natasha
D:4 Pikel


Innate Abilities, Weirdness & Mutations

You are small and have problems with some larger weapons.
You are carnivorous and can eat meat at any time.


Message History

Things that are here:
a +0 club; a +0 robe; the human skeleton of Jessica There isn't anything to butcher here.
There isn't anything to butcher here.
There isn't anything to butcher here.
Eating one of 4 chunks of flesh {@w0}.
You eat one of the 4 chunks of flesh {@w0}.
This raw flesh tastes great.
HP restored.
Partly explored, can't reach some items and places.
Health restored: 38 Warning x2: The leopard gecko simulacrum can hit for high damage in melee!
The worker ant simulacrum (wandering) can hit for high damage in melee!
Unknown command.
Warning x2: The leopard gecko simulacrum can hit for high damage in melee!
The worker ant simulacrum (wandering) can hit for high damage in melee!
Unknown command.
Warning x2: The leopard gecko simulacrum can hit for high damage in melee!
The worker ant simulacrum (wandering) can hit for high damage in melee!
Put on which piece of jewellery? (? for menu, Esc to quit)
Okay, then.
Warning x2: The leopard gecko simulacrum can hit for high damage in melee!
The worker ant simulacrum (wandering) can hit for high damage in melee!
Partly explored, can't reach some items and places.
Warning x2: The leopard gecko simulacrum can hit for high damage in melee!
The worker ant simulacrum (wandering) can hit for high damage in melee!
Partly explored, can't reach some items and places.
Warning x2: The leopard gecko simulacrum can hit for high damage in melee!
The worker ant simulacrum (wandering) can hit for high damage in melee!
Partly explored, can't reach some items and places.
Warning x2: The leopard gecko simulacrum can hit for high damage in melee!
The worker ant simulacrum (wandering) can hit for high damage in melee!
Partly explored, can't reach some items and places.
Warning x2: The leopard gecko simulacrum can hit for high damage in melee!
The worker ant simulacrum (wandering) can hit for high damage in melee!
Partly explored, can't reach some items and places.
Warning x2: The leopard gecko simulacrum can hit for high damage in melee!
The worker ant simulacrum (wandering) can hit for high damage in melee!
Partly explored, can't reach some items and places.
Warning x2: The leopard gecko simulacrum can hit for high damage in melee!
The worker ant simulacrum (wandering) can hit for high damage in melee!
Partly explored, can't reach some items and places.
Warning x2: The leopard gecko simulacrum can hit for high damage in melee!
The worker ant simulacrum (wandering) can hit for high damage in melee!
Partly explored, can't reach some items and places.
Warning x2: The leopard gecko simulacrum can hit for high damage in melee!
The worker ant simulacrum (wandering) can hit for high damage in melee!
Warning x2: The leopard gecko simulacrum can hit for high damage in melee!
The worker ant simulacrum (wandering) can hit for high damage in melee!
Unknown command.
Warning x2: The leopard gecko simulacrum can hit for high damage in melee!
The worker ant simulacrum (wandering) can hit for high damage in melee!
You see here a cursed -1 falchion.
You see here a cursed -1 falchion.
There is a stone staircase leading up here.
Marking area around Grinder as unsafe for travelling.
Grinder shouts!
Grinder is too close now for your liking.
Spoiler Alert: Grinder can cast Paralyse!
Unknown command.
Unknown command.
Unknown command.
Unknown command.
Unknown command.
Press: ? - help, v - describe, . - travel
Here: Grinder The floor.
Spoiler Alert: Grinder can cast Paralyse!
Unknown command.
You start waiting.
Grinder is too close now for your liking.
Grinder barely misses you.
You hit Grinder.
Grinder is lightly wounded.
Grinder blinks!
Spoiler Alert: Grinder can cast Paralyse!
Grinder completely misses you.
You closely miss Grinder.
Grinder is lightly wounded.
Grinder hits you!
You writhe in agony.
You take 12 damage, and have 26/38 hp.
MASSIVE DAMAGE!!
You are too injured to fight recklessly!
Spoiler Alert: Grinder can cast Paralyse!
You are too injured to fight recklessly!
You are too injured to fight recklessly!
You hit Grinder.
Grinder is lightly wounded.
Grinder barely misses you.
You puncture Grinder!
Grinder is moderately wounded.
Grinder says, "Don't move a muscle."
Grinder closely misses you.
Spoiler Alert: Grinder can cast Paralyse!
You hit Grinder.
Grinder is moderately wounded.
You completely miss Grinder.
Grinder is moderately wounded.
Grinder misses you.
You hit Grinder.
Grinder is heavily wounded.
Grinder gestures at you.
You suddenly lose the ability to move!
Grinder hits you!
You writhe in agony.
Grinder hits you!
* * * LOW HITPOINT WARNING * * *
You writhe in agony.
* * * LOW HITPOINT WARNING * * *
Grinder gestures at you. Pain shoots through your body!
* * * LOW HITPOINT WARNING * * *
Grinder gestures at you. You resist with significant effort. Grinder hits you!
You die...

....#.# #...# #.# #.#
###.#.####..# #.# #.#
#.#.......# #.# #.#
#.<.####..# #.# #.#
#...# ##.# #.# #.#
#..#####..# #.# #.#
#..##.....######.# #.#
###..#..#..#...5...###.#
#......##..#.#..@..:...#
#....####..#######.#####
#....#........# #.#
.....#.######.# #.#
######...##...# #.#
###.##.######.#
#.#.##^..#.##.#
######.######.#.##.#
.....#........#.##.#


You could see Grinder.

Vanquished Creatures
  A slave (D:4)
  3 crimson imps (D:4)
  An orc priest (D:4)
  Jessica (D:3)
  A worker ant (D:4)
  A howler monkey skeleton (D:4)
  3 adders
  A shadow imp (D:4)
  An ooze (D:2)
  2 worms (D:2)
  4 dart slugs
  2 leopard geckos
  6 orcs
  2 ball pythons
  4 giant cockroaches
  7 goblins
  5 hobgoblins
  3 jackals (D:3)
  5 bats
  3 frilled lizards
  2 kobolds (D:1)
  A quokka skeleton (D:4)
  7 rats
66 creatures vanquished.

Notes
Turn   | Place    | Note
-------+----------+-------------------------------------------
     0 | D:1      | Mgcat the Kobold Gladiator began the quest for the Orb.
     0 | D:1      | Reached XP level 1. HP: 12/12 MP: 1/1
   110 | D:1      | Reached skill level 1 in Stealth
   166 | D:1      | Reached skill level 2 in Stealth
   166 | D:1      | Reached XP level 2. HP: 17/17 MP: 2/2
   256 | D:1      | Reached skill level 3 in Stealth
   446 | D:1      | Reached XP level 3. HP: 19/21 MP: 3/3
   910 | D:2      | Reached skill level 4 in Stealth
   970 | D:2      | Found a radiant altar of Vehumet.
  1909 | D:2      | Found a stormy altar of Qazlal.
  1909 | D:2      | Noticed a water elemental
  1915 | D:2      | Noticed a fire elemental
  1915 | D:2      | Noticed an air elemental
  1915 | D:2      | Noticed an earth elemental
  2166 | D:3      | Noticed Natasha
  2176 | D:3      | Reached XP level 4. HP: 24/26 MP: 4/4
  2190 | D:3      | Noticed Grinder
  2365 | D:3      | Reached skill level 5 in Stealth
  2457 | D:3      | Found a runed translucent gate.
  2457 | D:3      | Found a runed translucent gate.
  2457 | D:3      | Found a runed translucent gate.
  2800 | D:3      | HP: 6/27 [poisoned by an adder]
  2805 | D:3      | HP: 4/27 [poisoned by an adder]
  2812 | D:3      | HP: 3/27 [poisoned by an adder]
  2820 | D:3      | HP: 2/27 [poisoned by an adder]
  3265 | D:3      | Noticed Jessica
  3405 | D:4      | Reached skill level 1 in Evocations
  3405 | D:4      | Reached XP level 5. HP: 32/32 MP: 5/5
  3415 | D:4      | Found a shimmering altar of Xom.
  3450 | D:4      | Reached skill level 3 in Fighting
  3463 | D:4      | Noticed an ogre
  3658 | D:4      | Noticed a slave
  3685 | D:4      | Killed a slave
  3910 | D:4      | Reached skill level 5 in Short Blades
  3910 | D:4      | Reached skill level 2 in Evocations
  3910 | D:4      | Reached XP level 6. HP: 29/37 MP: 7/7
  3924 | D:4      | Noticed a slave
  4069 | D:4      | Noticed Pikel
  4782 | D:3      | Killed Jessica
  4790 | D:3      | Noticed MisterFreud's ghost (amateur OpFi)
  4901 | D:3      | Paralysed by Grinder for 7 turns
  4903 | D:3      | HP: 9/38 [Grinder (1)]
  4906 | D:3      | Slain by Grinder

Levels and vault maps discovered:
D:1:      wheals_arrival_linesprint, layout_loops_cross
D:2:      layout_basic, vehumet_crystals, nicolae_qazlal_style_of_elements
D:3:      layout_basic, gammafunk_ghost_icy, bh_walls_and_bars, uniq_grinder,
          uniq_jessica, uniq_natasha
D:4:      layout_rooms, serial_shops, shop, led_xom_imps, uniq_pikel

Skill      XL: |  1  2  3  4  5 |
---------------+----------------+-----
Stealth        | 2 3 4 5 |  5.2
Evocations     | 1 2 |  2.9
Fighting       | 3 |  3.9
Short Blades   | 5 |  5.5
Throwing       | |  2.1
Dodging        | |  3.6

Action                   |  1- 3 |  4- 6 || total
-------------------------+-------+-------++-------
Melee: Rapier            |   107 |   234 ||   341
  Use: Scroll            |     4 |     4 ||     8
       Potion            |       |     2 ||     2
 Stab: Sleeping          |     6 |     2 ||     8
       Distracted        |       |     1 ||     1
  Eat: Chunk             |    11 |    10 ||    21
Armor: Leather armour    |    22 |    27 ||    49
Dodge: Dodged            |    58 |   178 ||   236

Table legend:
 A = Non-vault XP
 B = Vault XP
 C = Vault XP percentage of total XP
 D = Non-vault monster count
 E = Vault monster count
 F = Vault count percentage of total count
                 A         B        C        D         E       F
            +---------+---------+-------+---------+---------+-------
      Total |     258 |     185 |  41.8 |      61 |       4 |   6.2
            +---------+---------+-------+---------+---------+-------
        D:1 |      41 |       0 |   0.0 |      24 |       0 |   0.0
        D:2 |      40 |       0 |   0.0 |       9 |       0 |   0.0
        D:3 |      63 |      37 |  37.0 |      19 |       1 |   5.0
        D:4 |     114 |     148 |  56.5 |       9 |       3 |  25.0
            +---------+---------+-------+---------+---------+-------

Levels and vault maps discovered:
D:1:      wheals_arrival_linesprint, layout_loops_cross
D:2:      layout_basic, vehumet_crystals, nicolae_qazlal_style_of_elements
D:3:      layout_basic, gammafunk_ghost_icy, bh_walls_and_bars, uniq_grinder,
          uniq_jessica, uniq_natasha
D:4:      layout_rooms, serial_shops, shop, led_xom_imps, uniq_pikel

Table legend:
 A = Turns spent in this place as a percentage of turns spent in the entire game.
 B = Non-inter-level travel turns spent in this place as a percentage of non-inter-level travel turns spent in the entire game.
 C = Inter-level travel turns spent in this place as a percentage of turns spent in this place.
 D = Turns resting spent in this place as a percentage of non-inter-level travel turns spent in this place.
 E = Turns spent auto-exploring this place as a percentage of non-inter-level travel turns spent in this place.
 F = Non-inter-level travel turns spent in this place divided by the number of levels of this place that you've seen.
                   A       B       C       D       E      F
               +-------+-------+-------+-------+-------+----------------------
         Total | 100.0 | 100.0 |   2.8 |  27.6 |  53.0 | 1192.2
       Dungeon | 100.0 | 100.0 |   2.8 |  27.6 |  53.0 | 1192.2
               +-------+-------+-------+-------+-------+----------------------

Table legend:
 A = Kills in this place as a percentage of kills in entire the game.
 B = Kills by you in this place as a percentage of kills by you in the entire game.
 C = Kills by friends in this place as a percentage of kills by friends in the entire game.
 D = Other kills in this place as a percentage of other kills in the entire game.
 E = Experience gained in this place as a percentage of experience gained in the entire game.
 F = Experience gained in this place divided by the number of levels of this place that you have seen.
                   A       B       C       D       E      F
               +-------+-------+-------+-------+-------+----------------------
         Total | 100.0 | 100.0 |   N/A |   N/A | 100.0 | 110.8
       Dungeon | 100.0 | 100.0 |   N/A |   N/A | 100.0 | 110.8
               +-------+-------+-------+-------+-------+----------------------
